 Dungeon Crawl Stone Soup version 0.30.0-29-ga12c61a403 (webtiles) character file.

Game seed: 10414685691381696194

437 Graphine the Sneak (level 7, -2/72 HPs)
             Began as a Human Brigand on June 17, 2023.
             Killed by divine providence
             ... invoked by an orc priest
              (12 damage)
             ... on level 5 of the Dungeon.
             The game lasted 00:08:01 (3952 turns).

Graphine the Sneak (Human Brigand)                  Turns: 3952, Time: 00:08:03

Health: -2/72      AC: 23    Str: 11    XL:     7   Next: 21%
Magic:  7/7        EV:  2    Int: 11    God:
Gold:   286        SH:  0    Dex: 17    Spells: 6/6 levels left

rFire   . . .        t - +0 long sword
rCold   . . .        (no shield)
rNeg    . . .        b - melded +0 robe
rPois   +            (helmet currently unavailable)
rElec   .            c - melded +2 cloak
rCorr   .            (gloves currently unavailable)
SInv    +            (boots currently unavailable)
Will    .....        (no amulet)
Stlth   +++          (no ring)
HPRegen 0.32/turn    (no ring)
MPRegen 0.10/turn

%: no passive effects
@: tree-form
A: stationary, stasis, torment immunity, boosted hp, see invisible, frail 1
a: no special abilities


You were on level 5 of the Dungeon.
You were a tree.
You visited 1 branch of the dungeon, and saw 5 of its levels.

You collected 286 gold pieces.

Inventory:

Hand Weapons
 a - a +3 dagger
 k - a +1 whip of venom
 p - a +0 rapier
 t - a +0 long sword (weapon)
Missiles
 e - 3 curare-tipped darts (quivered)
 s - 10 poisoned darts
Armour
 b - a +0 robe (melded)
 c - a +2 cloak (melded)
Wands
 d - a wand of acid (10)
Scrolls
 n - a scroll of brand weapon {unknown}
 q - a scroll of noise {unknown}
Potions
 j - 2 potions of haste {unknown}
 l - 2 potions of attraction {unknown}
 r - a potion of cancellation {unknown}


   Skills:
 * Level 4.0 Fighting
 - Level 2.0(3.0) Short Blades
 * Level 3.3(3.6) Long Blades
 - Level 2.0 Throwing
 * Level 3.8 Dodging
 + Level 5.0 Stealth


You had 6 spell levels left.
You didn't know any spells.
Your spell library contained the following spells:

 Spells                   Type           Power      Damage    Failure   Level
 Apportation              Tloc           0%         N/A       34%         1
 Kiss of Death            Conj/Necr      0%         2d5       34%         1
 Necrotise                Necr           0%         1d4       34%         1
 Summon Small Mammal      Summ           0%         N/A       34%         1
 Ensorcelled Hibernation  Hex/Ice        0%         N/A       47%         2
 Lesser Beckoning         Tloc           0%         N/A       47%         2
 Passwall                 Tmut/Erth      0%         N/A       47%         2
 Confusing Touch          Hex            0%         N/A       71%         3
 Gell's Gravitas          Tloc           0%         N/A       71%         3
 Swiftness                Air            0%         N/A       71%         3
 Teleport Other           Tloc           0%         N/A       71%         3
 Dispel Undead            Necr           0%         3d6       98%         4


Dungeon Overview and Level Annotations

Branches:
Dungeon (5/15)
 Temple: D:4-7

Altars:
Trog


Innate Abilities, Weirdness & Mutations

You are a tree.
Your roots penetrate the ground, keeping you stationary.
You cannot be teleported.
You are immune to unholy pain and torment.
Your maximum health is greatly increased.
Your equipment is partially melded.
You have supernaturally acute eyesight. (SInv)
You are frail. (-10% HP)


Message History

You are poisoned.
The adder poisons you!
You miss the adder.
You feel sick. The adder bites you.
The orc priest calls down the wrath of Beogh upon you.
Beogh smites you!
* * * LOW HITPOINT WARNING * * *
You feel much better.
You feel sick. The adder bites you. The adder bites you but does no damage.
Really quaff the potion of lignification?
You turn into a tree.
Your +2 cloak melds into your body.
Your +0 robe melds into your body.
Your roots penetrate the ground.
You feel sick. The adder bites you but does no damage.
Unknown command.
You barely miss the adder.
You feel sick.
You are no longer poisoned.
The adder bites you but does no damage. The adder bites you.
You hit the adder.
The adder is moderately wounded.
The orc priest invokes the aid of Beogh against you.
Beogh smites you! The adder bites you but does no damage.
You slash the adder!
You kill the adder!
The orc priest invokes the aid of Beogh against you.
Beogh smites you!
You cannot move.
You hit the orc priest but do no damage.
The orc priest hits you but does no damage.
You slash the orc priest!
The orc priest is heavily wounded.
The orc priest invokes the aid of Beogh against you.
Beogh smites you!
* * * LOW HITPOINT WARNING * * *
You hit the orc priest.
The orc priest is severely wounded.
The orc priest hits you with a +0 falchion.
* * * LOW HITPOINT WARNING * * *
The orc priest looks encouraged for a moment.
The orc priest calls down the wrath of Beogh upon you.
Beogh smites you!
You die...

# .## #####+..
#.#...# #.
..########....##....
.......♣oo.....#....
#.########..<.......
.# #.......... ...
#.........# #.#
#..........
#..#####o........#
.....?............
###.............#
###..............


You could see 2 orc priests.

Vanquished Creatures
  Sigmund (D:4)
  A water moccasin (D:5)
  An iguana (D:4)
  Ijyb (D:4)
  4 adders
  2 dart slugs
  2 orcs (D:5)
  3 endoplasms
  A giant cockroach (D:1)
  3 hobgoblins
  7 jackals
  6 quokkas
  6 ball pythons
  8 bats
  4 frilled lizards
  14 goblins
  6 kobolds
  A rat (D:1)
71 creatures vanquished.

Notes
Turn   | Place    | Note
-------+----------+-------------------------------------------
     0 | D:1      | Graphine the Human Brigand began the quest for the Orb.
     0 | D:1      | Reached XP level 1. HP: 16/16 MP: 1/1
   126 | D:1      | Reached XP level 2. HP: 14/22 MP: 2/2
   333 | D:1      | Reached skill level 1 in Long Blades
   547 | D:1      | Found a faded altar of an unknown god.
   621 | D:1      | Reached XP level 3. HP: 28/28 MP: 3/3
  2121 | D:2      | Gained mutation: You are frail. (-10% HP) [potion of
                  | mutation]
  2121 | D:2      | Gained mutation: You have supernaturally acute eyesight.
                  | (SInv) [potion of mutation]
  2147 | D:3      | Reached XP level 4. HP: 27/30 MP: 4/4
  2333 | D:3      | Found a bloodstained altar of Trog.
  2787 | D:4      | Noticed Sigmund
  2793 | D:4      | Killed Sigmund
  2794 | D:4      | Reached XP level 5. HP: 36/36 MP: 5/5
  2794 | D:4      | Reached XP level 6. HP: 42/42 MP: 6/6
  3485 | D:4      | Noticed Ijyb
  3502 | D:4      | Killed Ijyb
  3861 | D:5      | Entered Level 5 of the Dungeon
  3861 | D:5      | Noticed a water moccasin
  3875 | D:5      | Killed a water moccasin
  3876 | D:5      | Reached skill level 5 in Stealth
  3876 | D:5      | Reached XP level 7. HP: 37/48 MP: 7/7
  3952 | D:5      | Killed from afar by an orc priest

Illustrated notes

Levels and vault maps discovered:
D:1:      eino_arrival_tree_alley, layout_basic,
          shapermc_ecumenical_altar_flowoftime
D:2:      layout_loops_ring, minivault_4
D:3:      layout_loops_cross, trog_three_pillars_becter, minmay_misc_feat_chi,
          minmay_hedge_maze
D:4:      kennysheep_goblin_castle, layout_cave_pools, nrook_mini_vaults,
          roderic_roman_lattice, bh_walls_and_bars, uniq_sigmund
D:5:      layout_rooms, mainiacjoe_overflow_alcove_3, serial_rivers,
          chequers_serial_rivers_room_b, chequers_serial_rivers_room_a,
          chequers_serial_rivers_marsh, chequers_serial_rivers_room_a,
          chequers_serial_rivers_small_a, serial_shops, shop,
          gup_sewer_entry_bowl, corexii_item_surrounded_by_moat

Skill      XL: |  1  2  3  4  5  6 |
---------------+-------------------+-----
Long Blades    | 1 2 3 |  3.3
Dodging        | 3 |  3.8
Fighting       | 3 4 |  4.0
Stealth        | 5 |  5.0
Short Blades   | |  2.0
Throwing       | |  2.0

Action                     |  1- 3 |  4- 6 |  7- 9 || total
---------------------------+-------+-------+-------++-------
  Melee: Dagger            |    77 |    86 |       ||   163
         Long sword        |       |    10 |    14 ||    24
         Punch             |       |     3 |       ||     3
  Throw: Dart              |    38 |    31 |       ||    69
    Use: Scroll            |     5 |     5 |       ||    10
         Potion            |     1 |     2 |     2 ||     5
   Stab: Sleeping          |    10 |     6 |       ||    16
         Distracted        |       |     1 |       ||     1
 Armour: Robe              |    20 |    25 |     1 ||    46
         Skin              |       |       |     4 ||     4
  Dodge: Dodged            |    37 |    54 |     8 ||    99
